 Dungeon Crawl Stone Soup version 0.18-a0-1017-gae0b928 (webtiles) character file.

176 Banto the Poker (level 5, 0/41 HPs)
             Began as a Centaur Warper on Jan 7, 2016.
             Was a Follower of Pakellas.
             Killed from afar by an orc wizard (10 damage)
             ... with a magic dart
             ... on level 3 of the Dungeon.
             The game lasted 00:05:45 (3001 turns).

Banto the Poker (Centaur Warper)                    Turns: 3001, Time: 00:05:45

Health: 0/41       AC:  5    Str: 13    XL:     5   Next: 30%
Magic:  7/7        EV:  9    Int: 12    God:    Pakellas [*.....]
Gold:   92         SH:  0    Dex: 10    Spells: 0 memorised, 7 levels left

rFire  . . .     SeeInvis .     a - +1 spear
rCold  . . .     Gourm    .     b - +1 leather armour
rNeg   . . .     Faith    .     (no shield)
rPois  .         Spirit   .     (no helmet)
rElec  .         Dismiss  .     (no cloak)
rCorr  .         Reflect  .     (no gloves)
SustAt .         Harm     .     (no barding)
MR     +....                    (no amulet)
Stlth  ..........               (no ring)
                                i - ring of protection from magic

@: very quick, somewhat resistant to hostile enchantments, extremely unstealthy
A: hooves 3, deformed body, speed 2, tough skin 3
a: Quick Charge, Renounce Religion


You were on level 3 of the Dungeon.
You worshipped Pakellas.
Pakellas was aware of your devotion.
You were hungry.

You visited 1 branch of the dungeon, and saw 3 of its levels.

You collected 92 gold pieces.

Inventory:

Hand Weapons
 a - a +1 spear (weapon)
Missiles
 e - 2 tomahawks of dispersal (quivered)
Armour
 b - a +1 leather armour (worn)
Jewellery
 i - a ring of protection from magic (left hand)
 r - an uncursed amulet of rage {unknown}
Scrolls
 d - a scroll of blinking
 j - 2 scrolls of fog
 q - a scroll of enchant armour
 u - a scroll of identify {unknown}
Potions
 g - 3 potions of invisibility {unknown}
 k - 4 potions of curing
 l - 2 potions of agility {unknown}
 m - 2 potions of lignification {unknown}
 o - 2 potions of heal wounds {unknown}
 p - a potion of cancellation {unknown}
 s - a potion of poison {unknown}
 t - a potion of cure mutation {unknown}
 v - a potion of flight {unknown}
Books
 c - a book of Spatial Translocations

   Spells                             Type                      Level
   a - Apportation                    Translocation                1
   b - Blink                          Translocation                2
   c - Shroud of Golubria             Charms/Translocation         2
   d - Portal Projectile              Translocation                3
   e - Teleport Other                 Translocation                3
   f - Passage of Golubria            Translocation                4
Comestibles
 f - 3 bread rations
 h - 3 fruits
 n - a meat ration
 w - 2 chunks of flesh


   Skills:
 - Level 2.0 Fighting
 + Level 5.1 Polearms
 - Level 1.1 Throwing
 - Level 0.6 Armour
 - Level 1.3 Dodging
 - Level 1.5 Spellcasting
   Level 2.6 Translocations


You had 7 spell levels left.
You didn't know any spells.

Dungeon Overview and Level Annotations

Branches:
Dungeon (3/15)

Altars:
Pakellas
Ru


Innate Abilities, Weirdness & Mutations

You have hooves in place of feet.
Armour fits poorly on your strangely shaped body.
You cover ground very quickly.
You have extremely tough skin (AC +3).


Message History

Attack whom?
Press: ? - help, Dir - move target cursor, f/p - orc wizard
Aim: an orc wizard, wielding a dagger and wearing a robe (fast)
You hit the orc wizard. Your kick misses the orc wizard.
The orc wizard is moderately wounded.
The orc wizard hits you but does no damage.
Attack whom?
Press: ? - help, Dir - move target cursor, f/p - orc wizard
Aim: an orc wizard, wielding a dagger and wearing a robe (moderately wounded, fast)
You barely miss the orc wizard.
The orc wizard is moderately wounded.
The orc wizard hits you but does no damage.
Attack whom?
Press: ? - help, Dir - move target cursor, f/p - orc wizard
Aim: an orc wizard, wielding a dagger and wearing a robe (moderately wounded, fast)
You barely miss the orc wizard.
The orc wizard is moderately wounded.
The orc wizard points at you and mumbles some strange words.
The magic dart hits you!
You die...

....# ##...#....## ##..##..
....#### ##..#.#.#### ##.....
.......#####..##.o.# ###..#
######.#.....###..## #.##
#...#######..# #####...
#.....######..o### ##.......
#...###.#......#...#####.....###
#.#####..)########........#(##
#........####..@ooo...#####.#
#######......#####...#.....#
###..#### #.#.#.##### #.....#
####.#.#.# ####
#.###รท####....#...# ##...
##.#........#####..####..##
#....#........##........##
######...........########
#........####


You could see an orc wizard and 2 orcs.

Vanquished Creatures
  Ijyb (D:3)
  5 adders
  A river rat (D:3)
  2 oozes (D:2)
  4 worms
  A giant gecko (D:3)
  An orc (D:3)
  5 giant cockroaches
  5 goblins
  10 hobgoblins
  11 jackals
  6 kobolds
  3 quokkas (D:3)
  5 bats
  6 giant newts
  11 rats
77 creatures vanquished.

Vanquished Creatures (others)
  A fire dragon (D:2)
1 creature vanquished.

Grand Total: 78 creatures vanquished

Notes
Turn   | Place    | Note
--------------------------------------------------------------
     0 | D:1      | Banto the Centaur Warper began the quest for the Orb.
     0 | D:1      | Reached XP level 1. HP: 17/17 MP: 3/3
   106 | D:1      | Reached XP level 2. HP: 19/24 MP: 4/4
   515 | D:2      | Reached skill level 3 in Polearms
   541 | D:2      | Found a sacrificial altar of Ru.
   603 | D:2      | Reached XP level 3. HP: 7/29 MP: 5/5
  1243 | D:2      | Found an oddly glowing altar of Pakellas.
  1244 | D:2      | Noticed a fire dragon
  1339 | D:2      | Killed a fire dragon
  1422 | D:2      | Became a worshipper of Pakellas the Inventive
  1714 | D:2      | Reached XP level 4. HP: 36/36 MP: 6/6
  1806 | D:3      | Reached skill level 4 in Polearms
  1865 | D:3      | Noticed Ijyb
  2164 | D:3      | Reached * piety under Pakellas
  2673 | D:3      | Reached XP level 5. HP: 14/41 MP: 7/7
  2738 | D:3      | Killed Ijyb
  2738 | D:3      | Reached skill level 5 in Polearms
  3001 | D:3      | Killed from afar by an orc wizard

Vault maps used:
D:1:      minmay_arrival_checkered_box, minmay_cupped
D:2:      overflow_temple_1_default, gammafunk_pakellas_cloud_experiment
D:3:      portal_sewer_entry_e, first_bread, uniq_iyjb

Action                   |  1- 3 |  4- 6 || total
-------------------------+-------+-------++-------
Melee: Spear             |   181 |   225 ||   406
Throw: Tomahawk          |       |     3 ||     3
  Use: Scroll            |     3 |     2 ||     5
       Potion            |       |     1 ||     1
  Eat: Chunk             |     1 |     4 ||     5
